 Dungeon Crawl Stone Soup version 0.24-a0-584-g9d6b971ae4 (webtiles) character file.

Game seed: 6364507882199919952, levelgen mode: deterministic

96266 Ijustatesigmund the Blocker (level 16, -8/127 HPs)
             Began as a Gnoll Fighter on Sept 5, 2019.
             Was the Champion of Okawaru.
             Mangled by a sixfirhy (11 damage)
             ... on level 2 of the Abyss.
             The game lasted 01:01:06 (26776 turns).

Ijustatesigmund the Blocker (Gnoll Fighter)        Turns: 26776, Time: 01:01:07

Health: -8/127     AC: 29    Str: 29      XL:     16   Next: 16%
Magic:  29/30      EV: 17    Int:  7 (10) God:    Okawaru [******]
Gold:   2182       SH: 23    Dex: 19      Spells: 34/35 levels left

rFire    + + .     SeeInvis .   y - +2 morningstar of Pugragg {vamp, Str+7 Dex-3}
rCold    + . .     Gourm    .   B - +0 large shield {AC+3}
rNeg     + . .     Faith    .   b - +1 plate armour {rF+}
rPois    .         Spirit   .   S - +5 hat of Mugheuj {rN+ Str+3}
rElec    .         Reflect  +   Q - scarf {rC+ rF+}
rCorr    .         Harm     .   r - +0 pair of gloves
MR       +....                  v - +2 pair of boots
Stlth    ..........             D - +3 amulet of reflection
HPRegen  0.31/turn              C - +3 ring of slaying
MPRegen  0.22/turn              M - +4 ring of evasion

@: about to teleport, berserk cooldown, very slightly contaminated, slowed, very
slow
A: distributed training, fangs 1, agile 1, dopey 1, MP-powered wands, strong
nose
a: Heroism, Finesse, Renounce Religion


You were on level 2 of the Abyss.
You worshipped Okawaru.
Okawaru was exalted by your worship.
You were not hungry.

You visited 4 branches of the dungeon, and saw 24 of its levels.
You visited the Abyss 1 time.
You also visited: Volcano.

You collected 2634 gold pieces.
You spent 452 gold pieces at shops.

Inventory:

Hand Weapons
 d - a cursed +3 morningstar of freezing
 y - the +2 morningstar of Pugragg (weapon) {vamp, Str+7 Dex-3}
   (You found it on level 7 of the Dungeon)

   It inflicts no extra harm, but heals its wielder when it wounds a living foe.
   It affects your strength (+7).
   It affects your dexterity (-3).
Missiles
 j - 84 poisoned darts (quivered)
Armour
 b - a +1 plate armour of fire resistance (worn)
 c - the +0 shield of the Endless Friends {rElec rF++ rC- SInv}
   (You acquired it on level 12 of the Dungeon)

   It greatly protects you from fire.
   It makes you vulnerable to cold.
   It insulates you from electricity.
   It lets you see invisible.
 r - a +0 pair of gloves (worn)
 v - a +2 pair of boots (worn)
 B - a +0 large shield of protection (worn)
 Q - a scarf of resistance (worn)
 S - the +5 hat of Mugheuj (worn) {rN+ Str+3}
   (Okawaru gifted it to you in a volcano)

   It affects your strength (+3).
   It protects you from negative energy.
 T - a +1 hat of see invisible
 V - the +0 buckler of the Mind {+Blink rF++}
   (You found it on level 6 of the Lair of Beasts)

   It greatly protects you from fire.
   It lets you blink.
Jewellery
 m - an uncursed ring of protection from magic
 C - a +3 ring of slaying (left hand)
 D - a +3 amulet of reflection (around neck)
 M - a +4 ring of evasion (right hand)
 N - an uncursed ring of protection from fire
 O - an uncursed ring of ice
 U - a +3 ring of protection
Wands
 G - a wand of enslavement (3)
 H - a wand of random effects (9)
 I - a wand of acid (1)
 K - a wand of disintegration (2)
 P - a wand of polymorph (8)
Scrolls
 e - a scroll of amnesia
 g - 2 scrolls of enchant weapon
 h - 8 scrolls of remove curse
 i - 4 scrolls of blinking
 p - 5 scrolls of teleportation
 q - 5 scrolls of fear
 s - 3 scrolls of fog
 u - 8 scrolls of immolation
 w - 4 scrolls of magic mapping
 E - 2 scrolls of identify
 F - a scroll of holy word
 Z - a scroll of silence
Potions
 k - 2 potions of lignification
 l - 6 potions of curing
 n - 4 potions of ambrosia
 o - 3 potions of mutation
 t - 2 potions of brilliance
 x - 2 potions of cancellation
 z - 3 potions of haste
 A - 2 potions of heal wounds
 J - a potion of magic
 L - a potion of agility
 R - a potion of invisibility
 X - a potion of might
 Y - a potion of berserk rage
Miscellaneous
 W - a phantom mirror
Comestibles
 f - 28 rations


   Skills:
 + Level 12.1 Fighting
 + Level 10.4 Short Blades
 + Level 10.4 Long Blades
 + Level 11.3 Axes
 + Level 10.4 Maces & Flails
 + Level 10.4 Polearms
 + Level 10.4 Staves
 + Level 10.4 Slings
 + Level 10.4 Bows
 + Level 10.4 Crossbows
 + Level 10.4 Throwing
 + Level 12.1 Armour
 + Level 10.4 Dodging
 + Level 10.4 Stealth
 + Level 12.1 Shields
 + Level 10.4 Unarmed Combat
 + Level 10.4 Spellcasting
 + Level 8.8 Conjurations
 + Level 8.8 Hexes
 + Level 8.8 Charms
 + Level 8.8 Summonings
 + Level 8.8 Necromancy
 + Level 8.8 Translocations
 + Level 8.8 Transmutations
 + Level 8.8 Fire Magic
 + Level 8.8 Ice Magic
 + Level 8.8 Air Magic
 + Level 8.8 Earth Magic
 + Level 8.8 Poison Magic
 + Level 11.3 Invocations
 + Level 10.4 Evocations


You had 34 spell levels left.
You knew the following spells:

 Your Spells              Type           Power        Failure   Level  Hunger
a - Apportation           Tloc           ###...       16%         1    None

Your spell library contained the following spells:

 Spells                   Type           Power        Failure   Level  Hunger
 Animate Skeleton         Necr           N/A          16%         1    None
 Beastly Appendage        Tmut           ###...       16%         1    None
 Confusing Touch          Hex            ###...       16%         1    None
 Freeze                   Ice            ###.         16%         1    None
 Infusion                 Chrm           ###.         16%         1    None
 Magic Dart               Conj           ###.         16%         1    None
 Summon Small Mammal      Summ           ###.         16%         1    None
 Poisonous Vapours        Pois/Air       ###...       24%         2    ##.....
 Searing Ray              Conj           ###...       24%         2    ##.....
 Shroud of Golubria       Chrm/Tloc      ###...       24%         2    ##.....
 Song of Slaying          Chrm           ###.....     24%         2    ##.....
 Sticks to Snakes         Tmut           ###.....     24%         2    ##.....
 Throw Frost              Conj/Ice       ###...       24%         2    ##.....
 Conjure Flame            Conj/Fire      ###.....     43%         3    ###....
 Dazzling Spray           Conj/Hex       ###...       43%         3    ###....
 Mephitic Cloud           Conj/Pois/Air  ###.....     43%         3    ###....
 Ozocubu's Armour         Chrm/Ice       ###.....     43%         3    ###....
 Regeneration             Chrm/Necr      ###.......   43%         3    ###....
 Spectral Weapon          Hex/Chrm       ###.....     43%         3    ###....
 Spider Form              Tmut/Pois      ###.......   43%         3    ###....
 Force Lance              Conj/Tloc      ###.....     83%         4    ####...
 Fulminant Prism          Conj/Hex       ###.......   83%         4    ####...
 Ice Form                 Ice/Tmut       ###.....     83%         4    ####...
 Iskenderun's Mystic Bla  Conj           ###.....     83%         4    ####...
 Sticky Flame             Conj/Fire      ###.....     83%         4    ####...
 Summon Ice Beast         Ice/Summ       ###.....     83%         4    ####...
 Throw Icicle             Conj/Ice       ###.....     83%         4    ####...
 Blade Hands              Tmut           ###.......   99%         5    ######.
 Freezing Cloud           Conj/Ice/Air   ###.......   100%        6    #######
 Ring of Flames           Chrm/Fire      ###.......   100%        7    #######
 Ignition                 Fire           ###.......   100%        8    #######


Dungeon Overview and Level Annotations

Branches:
Dungeon (15/15)            Temple (1/1) D:7            Lair (6/6) D:8
  Swamp (0/4) Lair:4        Snake (0/4) Lair:3        Slime (0/5) Lair:5
    Orc (2/2) D:10            Elf (0/3) Orc:2        Vaults (0/5) D:14
 Depths (0/5) D:15        Volcano (visited)

Altars:
Ashenzari
Cheibriados
Dithmenos
Elyvilon
Fedhas
Gozag
Hepliaklqana
Kikubaaqudgha
Makhleb
Nemelex Xobeh
Okawaru
Qazlal
Ru
Sif Muna
Trog
Uskayaw
Vehumet
Wu Jian
Xom
Yredelemnul
Zin
The Shining One
Beogh

Shops:
D:5 !   D:7 ?   D:11 (   Orc:2 (([!

Portals:
Trove: D:13 (give +3 storm dragon scales)

Annotations:
D:6 3 runed translucent doors, PeterQ's ghost, novice OpAs; hitsuchi's ghost, novice DsFE
D:15 Louise


Innate Abilities, Weirdness & Mutations

Your experience applies equally to all skills.
You have very sharp teeth.
Your uncanny sense of smell can sniff out nearby items.
You are agile. (Dex +2)
You are dopey. (Int -2)
You expend magic power (3 MP) to strengthen your wands.


Message History

* * * LOW HITPOINT WARNING * * *
The starspawn tentacle loses its grip on you.
The tentacle pulls you backwards!
You block the starspawn tentacle's attack. x2
You block the sixfirhy's attack.
Blink to where?
Press: ? - help, Dir - move target cursor You are very lightly contaminated with residual magic.
As you read the scroll of blinking, it crumbles to dust.
As you read the scroll of teleportation, it crumbles to dust.
You feel strangely unstable.
You feel the power of the Abyss delaying your translocation!
You block the sixfirhy's attack. The sixfirhy completely misses you.
The sixfirhy misses you. You block the sixfirhy's attack.
The sixfirhy closely misses you. You block the sixfirhy's attack.
The sixfirhy hits you.
* * * LOW HITPOINT WARNING * * *
The sixfirhy shocks you!
You die...

. #w...## #.
#.....# #(...##
#.....# #.....
##....## #.....#
..#...X####..##
...#...3@.......
.)..
##...##.#####
..# ##### # # .
# #


You could see a tentacled starspawn and a sixfirhy.

Vanquished Creatures
  A tentacled monstrosity (D:14)
  2 tentacled starspawn (Abyss:2)
  2 orc warlords
  Josephine (D:12)
  Erolcha (D:11)
  Fannar (Lair:1)
  Harold (Lair:1)
  4 hydras
  A death knight (D:13)
  4 catoblepae (Lair:6)
  8 death yaks (Lair:6)
  4 centaur warriors
  2 tengu warriors (D:14)
  2 two-headed ogres
  Urug (Lair:1)
  3 orc high priests (Orc:2)
  Sonja (Lair:1)
  An unseen horror (D:13)
  A harpy (shapeshifter) (D:13)
  2 phantasmal warriors
  2 necromancers
  10 orc knights
  A wolf spider zombie (Abyss:2)
  4 orc sorcerers (Orc:2)
  4 ugly things
  2 deep elf magi
  5 manticores
  2 cyclopes
  2 centaur zombies (D:14)
  10 elephants
  5 black mambas
  A torpor snail (Lair:6)
  5 molten gargoyles (Volcano)
  A gargoyle (D:12)
  A smoke demon (Abyss:2)
  7 komodo dragons
  9 spiny frogs
  3 rime drakes
  A freezing wraith (D:13)
  3 efreet (Volcano)
  A demonic crawler (D:14)
  A tengu conjurer (D:14)
  2 guardian mummies (D:13)
  6 meliai
  2 polar bears
  A hornet (D:13)
  6 trolls
  A queen bee (Lair:5)
  4 raiju (Abyss:2)
  2 large abominations (D:14)
  4 blink frogs (Lair:2)
  3 slime creatures (D:14)
  6 hippogriffs
  5 small abominations (D:14)
  2 wyverns
  5 wraiths
  4 hogs (D:7)
  A human (D:7)
  2 basilisks
  55 yaks
  Eustachio (D:5)
  4 fire bats (D:10)
  5 fire elementals (Volcano)
  A neqoxec (Abyss:2)
  A golden eye (Abyss:2)
  A steam dragon (Temple)
  10 vampire mosquitoes
  A hungry ghost (D:10)
  3 nagas (Lair:3)
  3 wargs
  An acid dragon (D:14)
  A hell hound (D:10)
  9 water moccasins
  32 orc warriors
  7 porcupines
  4 black bears
  2 eyes of draining
  3 ice beasts
  2 sky beasts (D:9)
  A hornet zombie (D:11)
  9 wolves
  2 necrophages
  5 phantoms
  11 ogres
  14 centaurs
  13 crocodiles
  4 big kobolds
  A wyvern zombie (D:12)
  12 bullfrogs
  A water moccasin skeleton (D:7)
  A wyvern skeleton (D:13)
  4 scorpions
  13 killer bees
  10 wights
  5 vampire bats
  An electric eel (Lair:2)
  5 bullfrog zombies
  2 howler monkeys
  7 crimson imps
  A quasit (Abyss:2)
  4 hounds
  2 lava snakes (D:10)
  23 orc priests
  3 bullfrog skeletons
  5 centaur skeletons
  4 jellies
  22 orc wizards
  An iguana (D:8)
  4 worker ants
  A hound zombie (D:9)
  A howler monkey zombie (D:5)
  A howler monkey skeleton (D:6)
  17 adders
  3 gnolls (D:2)
  5 shadow imps
  7 oozes
  2 adder zombies
  An adder skeleton (D:6)
  2 worms
  A dart slug (D:1)
  5 leopard geckos
  116 orcs
  A bat skeleton (D:3)
  4 bat zombies (D:3)
  8 giant cockroaches
  6 goblins
  5 hobgoblins
  10 jackals
  2 quokkas
  A ball python (D:4)
  12 bats
  3 frilled lizards
  A jackal skeleton (D:5)
  19 kobolds
  A quokka skeleton (D:4)
  11 rats
  2 fire vortices
  2 starspawn tentacles (Abyss:2)
765 creatures vanquished.

Vanquished Creatures (collateral kills)
  A lindwurm (Volcano)
  An orc warrior (Orc:2)
  3 orcs (Orc:2)
5 creatures vanquished.

Vanquished Creatures (others)
  An orc warrior (Orc:2)
  A centaur (D:10)
  An ogre (Orc:2)
  A bullfrog (Lair:5)
  An earth elemental (Volcano)
  A crimson imp (D:11)
  5 orcs
  2 fire vortices (D:10)
  9 fungi
  7 plants
  6 starspawn tentacles (Abyss:2)
  A withered plant (D:6)
36 creatures vanquished.

Grand Total: 806 creatures vanquished

Notes
Turn   | Place    | Note
-------+----------+-------------------------------------------
     0 | D:1      | Ijustatesigmund the Gnoll Fighter began the quest for the
                  | Orb.
     0 | D:1      | Reached XP level 1. HP: 23/23 MP: 1/1
    79 | D:1      | Reached XP level 2. HP: 27/29 MP: 2/2
   457 | D:1      | Reached XP level 3. HP: 33/35 MP: 3/3
   677 | D:2      | Reached skill level 1 in Invocations
   679 | D:2      | Reached skill level 1 in Short Blades
   679 | D:2      | Reached skill level 1 in Long Blades
   679 | D:2      | Reached skill level 1 in Maces & Flails
   679 | D:2      | Reached skill level 1 in Polearms
   679 | D:2      | Reached skill level 1 in Staves
   679 | D:2      | Reached skill level 1 in Slings
   679 | D:2      | Reached skill level 1 in Bows
   679 | D:2      | Reached skill level 1 in Crossbows
   679 | D:2      | Reached skill level 1 in Throwing
   679 | D:2      | Reached skill level 1 in Dodging
   679 | D:2      | Reached skill level 1 in Stealth
   679 | D:2      | Reached skill level 1 in Unarmed Combat
   679 | D:2      | Reached skill level 1 in Spellcasting
   679 | D:2      | Reached skill level 1 in Evocations
   731 | D:2      | Reached XP level 4. HP: 39/41 MP: 5/5
   888 | D:2      | Reached skill level 1 in Conjurations
   888 | D:2      | Reached skill level 1 in Hexes
   888 | D:2      | Reached skill level 1 in Charms
   888 | D:2      | Reached skill level 1 in Summonings
   888 | D:2      | Reached skill level 1 in Necromancy
   888 | D:2      | Reached skill level 1 in Translocations
   888 | D:2      | Reached skill level 1 in Transmutations
   888 | D:2      | Reached skill level 1 in Fire Magic
   888 | D:2      | Reached skill level 1 in Ice Magic
   888 | D:2      | Reached skill level 1 in Air Magic
   888 | D:2      | Reached skill level 1 in Earth Magic
   888 | D:2      | Reached skill level 1 in Poison Magic
  1041 | D:2      | Found a shimmering altar of Xom.
  1043 | D:2      | Found a shattered altar of Ashenzari.
  1043 | D:2      | Found a shattered altar of Ashenzari.
  1045 | D:2      | Found an ornate altar of the Wu Jian Council.
  1045 | D:2      | Found a bloodstained altar of Trog.
  1045 | D:2      | Found a glowing silver altar of Zin.
  1327 | D:2      | Reached XP level 5. HP: 47/47 MP: 6/6
  1330 | D:2      | Noticed a +0 hand axe
  1330 | D:2      | Noticed a +0 dagger
  1346 | D:2      | Found a hide-covered altar of Uskayaw.
  1840 | D:3      | Reached XP level 6. HP: 7/53 MP: 8/8
  2191 | D:3      | Reached skill level 5 in Axes
  2394 | D:3      | Found an ancient bone altar of Kikubaaqudgha.
  2401 | D:3      | Reached XP level 7. HP: 58/59 MP: 10/10
  3007 | D:5      | Entered Level 5 of the Dungeon
  3433 | D:4      | Found a stormy altar of Qazlal.
  3759 | D:5      | Noticed Eustachio
  3790 | D:5      | Killed Eustachio
  4054 | D:5      | Reached XP level 8. HP: 67/67 MP: 12/12
  4284 | D:5      | Gained mutation: Your spells are a little harder to cast,
                  | but a little more powerful. [potion of mutation]
  4284 | D:5      | Gained mutation: You have large cloven feet. [potion of
                  | mutation]
  4289 | D:5      | Found Koricri's Distillery.
  4308 | D:5      | Bought a potion of curing for 30 gold pieces
  4308 | D:5      | Bought a potion of mutation for 80 gold pieces
  4777 | D:5      | Found a sparkling altar of Nemelex Xobeh.
  4966 | D:5      | Found a shadowy altar of Dithmenos.
  4966 | D:5      | Found a snail-covered altar of Cheibriados.
  4966 | D:5      | Found a burning altar of Makhleb.
  5675 | D:6      | You fall into a shaft and drop 2 floors!
  5693 | D:8      | Found an opulent altar of Gozag.
  5766 | D:8      | Reached XP level 9. HP: 72/72 MP: 14/14
  5786 | D:8      | Found a staircase to the Lair.
  5971 | D:6      | Lost mutation: You have large cloven feet. [potion of
                  | mutation]
  5971 | D:6      | Lost mutation: Your spells are a little harder to cast, but
                  | a little more powerful. [potion of mutation]
  5971 | D:6      | Gained mutation: You are agile. (Dex +2) [potion of
                  | mutation]
  5971 | D:6      | Gained mutation: You expend magic power (3 MP) to
                  | strengthen your wands. [potion of mutation]
  6016 | D:6      | Found a runed translucent gate.
  6016 | D:6      | Found a runed translucent gate.
  6016 | D:6      | Found a runed translucent gate.
  6067 | D:6      | Noticed hitsuchi's ghost (novice DsFE)
  6068 | D:6      | Noticed PeterQ's ghost (novice OpAs)
  6707 | D:7      | Found a glowing golden altar of the Shining One.
  6790 | D:7      | Found Mostebita's Magic Scroll Emporium.
  6795 | D:7      | Bought a scroll of teleportation for 42 gold pieces
  6964 | D:7      | Reached skill level 5 in Invocations
  7130 | D:7      | Found a staircase to the Ecumenical Temple.
  7182 | Temple   | Entered the Ecumenical Temple
  7416 | Temple   | Became a worshipper of Warmaster Okawaru
  7811 | D:7      | Reached XP level 10. HP: 76/80 MP: 17/17
  8197 | D:7      | Got a transparent morningstar
  8198 | D:7      | Identified the +2 morningstar of Pugragg {vamp, Str+7
                  | Dex-3} (You found it on level 7 of the Dungeon)
  8828 | D:8      | Found an ornate altar of the Wu Jian Council.
  8855 | D:8      | Reached skill level 5 in Short Blades
  8855 | D:8      | Reached skill level 5 in Long Blades
  8855 | D:8      | Reached skill level 5 in Maces & Flails
  8855 | D:8      | Reached skill level 5 in Polearms
  8855 | D:8      | Reached skill level 5 in Staves
  8855 | D:8      | Reached skill level 5 in Slings
  8855 | D:8      | Reached skill level 5 in Bows
  8855 | D:8      | Reached skill level 5 in Crossbows
  8855 | D:8      | Reached skill level 5 in Throwing
  8855 | D:8      | Reached skill level 5 in Dodging
  8855 | D:8      | Reached skill level 5 in Stealth
  8855 | D:8      | Reached skill level 5 in Unarmed Combat
  8855 | D:8      | Reached skill level 5 in Spellcasting
  8855 | D:8      | Reached skill level 5 in Evocations
  9225 | D:9      | Found a basalt altar of Yredelemnul.
  9244 | D:9      | Reached * piety under Okawaru
  9288 | D:9      | Found a sacrificial altar of Ru.
 10654 | D:10     | Entered Level 10 of the Dungeon
 11445 | D:10     | Reached ** piety under Okawaru
 11977 | D:10     | Found a staircase to the Orcish Mines.
 12149 | D:10     | Reached XP level 11. HP: 50/87 MP: 19/19
 12839 | D:11     | Noticed Erolcha
 12847 | D:11     | Killed Erolcha
 12847 | D:11     | Reached skill level 5 in Conjurations
 12847 | D:11     | Reached skill level 5 in Hexes
 12847 | D:11     | Reached skill level 5 in Charms
 12847 | D:11     | Reached skill level 5 in Summonings
 12847 | D:11     | Reached skill level 5 in Necromancy
 12847 | D:11     | Reached skill level 5 in Translocations
 12847 | D:11     | Reached skill level 5 in Transmutations
 12847 | D:11     | Reached skill level 5 in Fire Magic
 12847 | D:11     | Reached skill level 5 in Ice Magic
 12847 | D:11     | Reached skill level 5 in Air Magic
 12847 | D:11     | Reached skill level 5 in Earth Magic
 12847 | D:11     | Reached skill level 5 in Poison Magic
 13014 | D:11     | Noticed an eight-headed hydra
 13022 | D:11     | Killed an eight-headed hydra
 13123 | D:11     | Found Kimaush's Weapon Shoppe.
 13126 | D:11     | Identified a scroll of acquirement
 13129 | D:11     | Got a pair of spiked boots
 13140 | D:11     | Identified the -2 pair of boots "Efraewn" {Str+2 Dex+6}
                  | (You acquired it on level 11 of the Dungeon)
 13232 | D:12     | Found an opulent altar of Gozag.
 13240 | D:12     | Reached *** piety under Okawaru
 13338 | D:12     | Noticed a purple ugly thing
 13358 | D:12     | Killed a purple ugly thing
 13455 | D:12     | Received a gift from Okawaru
 13461 | D:12     | Reached **** piety under Okawaru
 13509 | D:12     | Got a heavily runed shield
 13515 | D:12     | Identified the +0 shield of the Endless Friends {rElec rF++
                  | rC- SInv} (You acquired it on level 12 of the Dungeon)
 13631 | D:12     | Noticed Josephine
 13648 | D:12     | Killed Josephine
 13648 | D:12     | Reached XP level 12. HP: 57/96 MP: 19/22
 14380 | D:13     | Reached ***** piety under Okawaru
 14390 | D:13     | Noticed a death knight
 14649 | D:13     | Found a portal to a secret trove of treasure.
 14703 | D:13     | Noticed a centaur warrior
 14707 | D:13     | Killed a centaur warrior
 14707 | D:13     | Received a gift from Okawaru
 14757 | D:13     | Killed a death knight
 15347 | D:13     | Reached skill level 10 in Fighting
 15347 | D:13     | Reached skill level 10 in Armour
 15347 | D:13     | Reached skill level 10 in Shields
 15564 | Lair:1   | Entered Level 1 of the Lair of Beasts
 15639 | Lair:1   | Noticed Harold
 15658 | Lair:1   | Killed Harold
 15658 | Lair:1   | Received a gift from Okawaru
 15854 | Lair:1   | Reached XP level 13. HP: 64/103 MP: 24/24
 16232 | Lair:1   | Noticed Fannar
 16232 | Lair:1   | Noticed Sonja
 16249 | Lair:1   | Killed Fannar
 16269 | Lair:1   | Killed Sonja
 16269 | Lair:1   | Received a gift from Okawaru
 16604 | Lair:1   | Noticed Urug
 16623 | Lair:1   | Killed Urug
 17616 | Lair:2   | You fall into a shaft and drop 2 floors!
 17751 | Lair:4   | Found a staircase to the Swamp.
 17770 | Lair:4   | Received a gift from Okawaru
 17832 | Lair:4   | Received a gift from Okawaru
 18129 | Lair:2   | Reached ****** piety under Okawaru
 18516 | Lair:3   | Found a staircase to the Snake Pit.
 18738 | Lair:3   | Reached XP level 14. HP: 102/111 MP: 26/26
 19802 | Lair:5   | Found a staircase to the Slime Pits.
 20249 | Lair:5   | Reached skill level 10 in Axes
 20417 | Lair:6   | Entered Level 6 of the Lair of Beasts
 20709 | Lair:6   | Got a heavily runed buckler
 20729 | Lair:6   | Identified the cursed +0 buckler of the Mind {+Blink rF++}
                  | (You found it on level 6 of the Lair of Beasts)
 21675 | Lair:6   | Received a gift from Okawaru
 21675 | Lair:6   | Reached skill level 10 in Invocations
 21779 | Lair:6   | Received a gift from Okawaru
 22076 | Orc:1    | Entered Level 1 of the Orcish Mines
 22115 | D:10     | Received a gift from Okawaru
 22490 | Orc:2    | Entered Level 2 of the Orcish Mines
 22490 | Orc:2    | Noticed an orc warlord
 22499 | Orc:2    | Received a gift from Okawaru
 22654 | Orc:2    | Killed an orc warlord
 22654 | Orc:2    | Reached XP level 15. HP: 118/119 MP: 28/28
 22678 | Orc:2    | Found a roughly hewn altar of Beogh.
 22719 | Orc:2    | Found a dark tunnel.
 22725 | Volcano  | Entered a volcano
 22780 | Volcano  | Received a gift from Okawaru
 22796 | Volcano  | Got a fine hat {god gift}
 23266 | Orc:2    | Identified the +5 hat of Mugheuj {rN+ Str+3} (Okawaru
                  | gifted it to you in a volcano)
 23365 | Orc:2    | Found a staircase to the Elven Halls.
 23532 | Orc:1    | Noticed an orc warlord
 23572 | Orc:1    | Killed an orc warlord
 24684 | Orc:2    | Found Ymiles's Antique Weapon Boutique.
 24684 | Orc:2    | Found Eczef's Distillery.
 24686 | Orc:2    | Found Cabu's Antique Armour Emporium.
 24686 | Orc:2    | Found Nenoetuc's Weapon Boutique.
 24692 | Orc:2    | Bought a potion of heal wounds for 75 gold pieces
 24692 | Orc:2    | Bought a potion of berserk rage for 75 gold pieces
 24692 | Orc:2    | Bought a potion of berserk rage for 75 gold pieces
 24692 | Orc:2    | Bought a potion of heal wounds for 75 gold pieces
 24887 | D:14     | Reached skill level 10 in Short Blades
 24887 | D:14     | Reached skill level 10 in Long Blades
 24887 | D:14     | Reached skill level 10 in Maces & Flails
 24887 | D:14     | Reached skill level 10 in Polearms
 24887 | D:14     | Reached skill level 10 in Staves
 24887 | D:14     | Reached skill level 10 in Slings
 24887 | D:14     | Reached skill level 10 in Bows
 24887 | D:14     | Reached skill level 10 in Crossbows
 24887 | D:14     | Reached skill level 10 in Throwing
 24887 | D:14     | Reached skill level 10 in Dodging
 24887 | D:14     | Reached skill level 10 in Stealth
 24887 | D:14     | Reached skill level 10 in Unarmed Combat
 24887 | D:14     | Reached skill level 10 in Spellcasting
 24887 | D:14     | Reached skill level 10 in Evocations
 25087 | D:14     | Identified Sif Muna's Guide on Air and the Arsonist
 25091 | D:14     | Learned a level 1 spell: Apportation
 25296 | D:14     | Found a gate to the Vaults.
 25680 | D:14     | Found a runed translucent door.
 25716 | D:14     | Received a gift from Okawaru
 25803 | D:14     | Noticed a tentacled monstrosity
 25821 | D:14     | Killed a tentacled monstrosity
 26346 | D:15     | Entered Level 15 of the Dungeon
 26347 | D:15     | Noticed Louise
 26410 | D:15     | Reached XP level 16. HP: 108/127 MP: 23/30
 26427 | D:15     | Found a staircase to the Depths.
 26435 | D:15     | Cast into level 2 of the Abyss (Louise)
 26601 | Abyss:2  | Noticed a tentacled starspawn
 26664 | Abyss:2  | Killed a tentacled starspawn
 26713 | Abyss:2  | Gained mutation: You are dopey. (Int -2) [a neqoxec]
 26732 | Abyss:2  | Noticed a tentacled starspawn
 26747 | Abyss:2  | Killed a tentacled starspawn
 26747 | Abyss:2  | Received a gift from Okawaru
 26769 | Abyss:2  | Noticed a tentacled starspawn
 26771 | Abyss:2  | HP: 6/127 [sixfirhy (11)]
 26776 | Abyss:2  | HP: 3/127 [sixfirhy (5)]
 26776 | Abyss:2  | Mangled by a sixfirhy

Levels and vault maps discovered:
D:1:      dpeg_arrival_pond, layout_loops_ring
D:2:      layout_basic, dancing_weapons_uskayaw, doesnt_xom_only_xom
D:3:      layout_loops_ring, kennysheep_vampire_church
D:4:      layout_loops_ring, lemuel_round_altar, first_ration, st_stairs_12,
          saegor_snake_ambush
D:5:      layout_loops_corners, grunt_temple_overflow_open, serial_shops,
          shop_statue, minmay_circle_x, uniq_eustachio
D:6:      layout_basic, gammafunk_ghost_cemetery
D:7:      layout_loops_corners, marbit_many_paths, minmay_temple_entry_junction,
          serial_shops, shop, grunt_livestock
D:8:      kennysheep_blocky_hall, layout_basic,
          nicolae_gozag_cash_rules_everything_around_me,
          lemuel_coloured_pillars_altar
D:9:      layout_grid_maze, kennysheep_mini_moat, lemuel_crystal_altar
D:10:     layout_long_grid, hiddenorc2_lemuel, chequers_garden,
          hangedman_incinerator
D:11:     layout_loops_ring, serial_shops, kennysheep_mini, uniq_erolcha
D:12:     layout_loops_ring, basic_altar, uniq_josephine
D:13:     layout_irregular_city, nicolae_trove_entry_path_of_doom
D:14:     cheibrodos_body_horror, layout_irregular_city, david_vaults_1,
          chequers_decorated_corner
D:15:     gammafunk_depths_entry_grave, layout_basic, ebering_ghost_gozag,
          basic_altar, serial_bayou_pond_b, palyth_stone_intersect, uniq_louise
Temple:   cyrus_temple_forest
Lair:1:   layout_cave_pods, uniq_urug, uniq_fannar, uniq_sonja, uniq_harold
Lair:2:   wad_woods_structure_01, layout_regular_city, roderic_batcave,
          serial_bayou_shore_a
Lair:3:   layout_layer_cave, guppyfry_snake_entry_garden
Lair:4:   layout_misc_corridors, minmay_swamp_entry_swarm
Lair:5:   layout_roguey, nicolae_slime_entry_slimehenge, special_room
          [special_room_bee]
Lair:6:   evilmike_catoblepas_cave, layout_gridlike, infiniplex_staircase_pool
Orc:1:    layout_caves
Orc:2:    grunt_orc_tribal_feast, layout_diamond_mine, basic_altar,
          nicolae_volcano_entry_lava_flow
Abyss:2:  due_exit_kobolds, hangedman_abyss_or_decor_clamps

Skill      XL: |  1  2  3  4  5  6  7  8  9 10 11 12 13 14 15 |
---------------+----------------------------------------------+-----
Invocations    | 1 2 3 4 5 6 7 8 9 10 11 | 11.3
Short Blades   | 1 2 3 4 5 6 7 8 9 10 | 10.4
Long Blades    | 1 2 3 4 5 6 7 8 9 10 | 10.4
Maces & Flails | 1 2 3 4 5 6 7 8 9 10 | 10.4
Polearms       | 1 2 3 4 5 6 7 8 9 10 | 10.4
Staves         | 1 2 3 4 5 6 7 8 9 10 | 10.4
Slings         | 1 2 3 4 5 6 7 8 9 10 | 10.4
Bows           | 1 2 3 4 5 6 7 8 9 10 | 10.4
Crossbows      | 1 2 3 4 5 6 7 8 9 10 | 10.4
Throwing       | 1 2 3 4 5 6 7 8 9 10 | 10.4
Dodging        | 1 2 3 4 5 6 7 8 9 10 | 10.4
Stealth        | 1 2 3 4 5 6 7 8 9 10 | 10.4
Unarmed Combat | 1 2 3 4 5 6 7 8 9 10 | 10.4
Spellcasting   | 1 2 3 4 5 6 7 8 9 10 | 10.4
Evocations     | 1 2 3 4 5 6 7 8 9 10 | 10.4
Conjurations   | 1 2 3 4 5 6 7 8 |  8.8
Hexes          | 1 2 3 4 5 6 7 8 |  8.8
Charms         | 1 2 3 4 5 6 7 8 |  8.8
Summonings     | 1 2 3 4 5 6 7 8 |  8.8
Necromancy     | 1 2 3 4 5 6 7 8 |  8.8
Translocations | 1 2 3 4 5 6 7 8 |  8.8
Transmutations | 1 2 3 4 5 6 7 8 |  8.8
Fire Magic     | 1 2 3 4 5 6 7 8 |  8.8
Ice Magic      | 1 2 3 4 5 6 7 8 |  8.8
Air Magic      | 1 2 3 4 5 6 7 8 |  8.8
Earth Magic    | 1 2 3 4 5 6 7 8 |  8.8
Poison Magic   | 1 2 3 4 5 6 7 8 |  8.8
Axes           | 5 6 7 8 9 10 11 | 11.3
Fighting       | 7 8 9 10 11 12 | 12.1
Armour         | 7 8 9 10 11 12 | 12.1
Shields        | 7 8 9 10 11 12 | 12.1

Action                   |  1- 3 |  4- 6 |  7- 9 | 10-12 | 13-15 | 16-18 || total
-------------------------+-------+-------+-------+-------+-------+-------++-------
Melee: War axe           |    74 |   152 |   342 |    19 |       |       ||   587
       Bite              |     5 |    17 |    50 |   119 |   353 |    18 ||   562
       Kick              |       |       |    49 |       |       |       ||    49
       Morningstar       |       |       |       |   719 |  1643 |    97 ||  2459
Throw: Dart              |       |       |    34 |    48 |    32 |       ||   114
Invok: Heroism           |       |       |       |     9 |    13 |       ||    22
       Finesse           |       |       |       |       |     9 |       ||     9
Evoke: Wand              |       |       |       |     3 |    33 |     3 ||    39
  Use: Scroll            |       |     8 |     9 |    11 |    15 |     3 ||    46
       Potion            |       |       |     7 |     2 |     3 |     4 ||    16
 Stab: Sleeping          |       |     5 |     6 |     6 |     1 |       ||    18
       Distracted        |       |       |       |     1 |     1 |       ||     2
       Petrified         |       |       |       |       |     7 |       ||     7
  Eat: Chunk             |       |     5 |     9 |    14 |    23 |       ||    51
       Ration            |       |       |     3 |     4 |     4 |     1 ||    12
Armor: Scale mail        |    21 |    68 |    79 |       |       |       ||   168
       Steam dragon scal |       |       |     4 |    42 |       |       ||    46
       Chain mail        |       |       |       |   170 |   331 |       ||   501
       Plate armour      |       |       |       |       |   145 |    21 ||   166
Dodge: Dodged            |    21 |    54 |   131 |   304 |   691 |    54 ||  1255
Block: Shield            |    39 |    94 |   198 |   642 |    48 |       ||  1021
       Reflection        |       |       |       |    29 |    30 |     1 ||    60
       Large shield      |       |       |       |       |  1965 |   132 ||  2097

Table legend:
 A = Non-vault XP
 B = Vault XP
 C = Vault XP percentage of total XP
 D = Non-vault monster count
 E = Vault monster count
 F = Vault count percentage of total count
                 A         B        C        D         E       F
            +---------+---------+-------+---------+---------+-------
      Total |   90137 |   47387 |  34.5 |     578 |     194 |  25.1
            +---------+---------+-------+---------+---------+-------
        D:1 |      37 |       0 |   0.0 |      22 |       0 |   0.0
        D:2 |     139 |       0 |   0.0 |      19 |       0 |   0.0
        D:3 |     311 |     179 |  36.5 |      31 |       8 |  20.5
        D:4 |     316 |       9 |   2.8 |      10 |       2 |  16.7
        D:5 |     690 |     242 |  26.0 |      22 |       4 |  15.4
        D:6 |     460 |       0 |   0.0 |      21 |       0 |   0.0
        D:7 |    1092 |    1120 |  50.6 |      18 |       6 |  25.0
        D:8 |     901 |     147 |  14.0 |      16 |       4 |  20.0
        D:9 |    1488 |       3 |   0.2 |      27 |       1 |   3.6
       D:10 |    3571 |    1494 |  29.5 |      36 |      37 |  50.7
       D:11 |    2355 |    1033 |  30.5 |      23 |       1 |   4.2
       D:12 |    5011 |    1755 |  25.9 |      47 |       4 |   7.8
       D:13 |    8914 |     656 |   6.9 |      37 |       2 |   5.1
       D:14 |   13060 |    6520 |  33.3 |      39 |      13 |  25.0
       D:15 |    1289 |    1214 |  48.5 |       4 |       2 |  33.3
     Temple |     177 |       0 |   0.0 |       1 |       0 |   0.0
     Lair:1 |    4049 |    3636 |  47.3 |      16 |       4 |  20.0
     Lair:2 |    7475 |    1442 |  16.2 |      26 |      14 |  35.0
     Lair:3 |    1739 |     492 |  22.1 |       8 |       3 |  27.3
     Lair:4 |    8590 |     523 |   5.7 |      36 |       3 |   7.7
     Lair:5 |    1551 |    1967 |  55.9 |       6 |      19 |  76.0
     Lair:6 |    7975 |   12659 |  61.4 |      28 |      22 |  44.0
      Orc:1 |    4550 |       0 |   0.0 |      34 |       0 |   0.0
      Orc:2 |    7126 |    7628 |  51.7 |      39 |      30 |  43.5
    Abyss:2 |    7271 |       0 |   0.0 |      12 |       0 |   0.0
    Volcano |       0 |    4668 | 100.0 |       0 |      15 | 100.0
            +---------+---------+-------+---------+---------+-------
